 Dungeon Crawl Stone Soup version 0.31-a0-967-g7f5505f (webtiles) character file.

Game seed: 475504052723164789

132 Violenta the Trooper (level 5, -3/33 HPs)
             Began as a Gargoyle Fighter on Oct 26, 2023.
             Slain by a gnoll bouda
             ... wielding a +0 whip
              (6 damage)
             ... on level 2 of the Dungeon.
             The game lasted 00:02:49 (1588 turns).

Violenta the Trooper (Gargoyle Fighter)             Turns: 1588, Time: 00:02:49

Health: -3/33      AC: 14    Str: 21    XL:     5   Next: 15%
Magic:  5/5        EV:  7    Int:  9    God:
Gold:   93         SH:  4    Dex:  9    Spells: 4/4 levels left

rFire   . . .        a - +0 flail
rCold   + . .        c - +0 buckler
rNeg    + + .        r - +0 chain mail
rPois   ∞            (no helmet)
rElec   +            f - +0 cloak
rCorr   .            (no gloves)
SInv    .            (no boots)
Will    .....        (no amulet) Stlth
                     p - ring of positive energy
HPRegen 0.25/turn    q - ring of protection from cold
MPRegen 0.09/turn

%: no passive effects
@: no status effects
A: sickness immunity, AC +4, negative energy resistance 1, electricity
resistance, torment resistance 1, petrification resistance
a: no special abilities


You were on level 2 of the Dungeon.
You visited 1 branch of the dungeon, and saw 3 of its levels.

You collected 93 gold pieces.

Inventory:

Hand Weapons
 a - a +0 flail (weapon)
Armour
 c - a +0 buckler (worn)
 f - a +0 cloak (worn)
 r - a +0 chain mail (worn)
Jewellery
 p - a ring of positive energy (left hand)
 q - a ring of protection from cold (right hand)
Scrolls
 e - a scroll of fear {unknown}
 h - 5 scrolls of identify {unknown}
 j - a scroll of fog {unknown}
 k - a scroll of poison {unknown}
 m - 3 scrolls of teleportation {unknown}
 o - 2 scrolls of immolation {unknown}
Potions
 d - a potion of might
 g - 2 potions of enlightenment {unknown}
 i - a potion of lignification {unknown}
 l - a potion of curing {unknown}
 n - 2 potions of mutation {unknown}


   Skills:
 + Level 4.2 Fighting
 * Level 3.9 Maces & Flails
 - Level 3.2 Armour
 + Level 4.2 Shields


You had 4 spell levels left.
You didn't know any spells.
Your spell library was empty.

Dungeon Overview and Level Annotations

Branches:
Dungeon (3/15)

Altars:


Innate Abilities, Weirdness & Mutations

You are immune to sickness and miasma.
Your stone body is resilient. (AC +4)
You are immune to poison.
You resist negative energy. (rN+)
You are resistant to electric shocks. (rElec)
You are resistant to unholy torment.
You are immune to petrification.


Message History

2 throwing nets; a +0 whip You barely miss the gnoll bouda.
The gnoll bouda hits you but does no damage.
You hit the gnoll bouda but do no damage.
The gnoll bouda barely misses you.
You closely miss the gnoll bouda.
The gnoll bouda hits you with a +0 whip.
You closely miss the gnoll bouda. You block the gnoll's attack.
The gnoll bouda hits you with a +0 whip.
The gnoll hits you from afar with a +0 spear.
You closely miss the gnoll bouda. The gnoll bouda barely misses you.
The gnoll hits you but does no damage.
You hit the gnoll bouda.
The gnoll bouda is lightly wounded.
The gnoll bouda gazes fiercely through you!
You feel your attacks grow feeble.
The gnoll bouda hits you with a +0 whip!
The gnoll hits you but does no damage.
The gnoll bouda hits you with a +0 whip.
There is a stone staircase leading up here.
The gnoll bouda hits you but does no damage.
You block the gnoll's attack.
You climb upwards.
Your attacks no longer feel as feeble.
There is a stone staircase leading down here.
You barely miss the gnoll bouda.
The gnoll bouda is lightly wounded.
The gnoll bouda hits you with a +0 whip.
The gnoll bouda hits you with a +0 whip!
* * * LOW HITPOINT WARNING * * *
You closely miss the gnoll bouda.
The gnoll bouda is lightly wounded.
You block the gnoll bouda's attack.
You hit the gnoll bouda.
The gnoll bouda is moderately wounded.
The gnoll bouda hits you but does no damage.
You closely miss the gnoll bouda.
The gnoll bouda is moderately wounded.
The gnoll bouda hits you with a +0 whip.
You die...

# # # # ## .#
############ .#
#######....g.....#
.####.....#.....@....#
................))...#
####...........#######
####......#######.#
#........÷#.#####.#
.....##.###.#.....#
..#).##.......#..##
....###.........##
#)#####.##÷...###


You could see a gnoll bouda.

Vanquished Creatures
  4 gnolls
  3 adders (D:2)
  2 worms
  A dart slug (D:1)
  4 ball pythons (D:1)
  6 endoplasms
  2 giant cockroaches
  3 hobgoblins
  7 jackals
  4 quokkas
  3 bats
  A frilled lizard (D:1)
  4 goblins
  2 kobolds (D:1)
  10 rats
56 creatures vanquished.

Notes
Turn   | Place    | Note
-------+----------+-------------------------------------------
     0 | D:1      | Violenta the Gargoyle Fighter began the quest for the Orb.
     0 | D:1      | Reached XP level 1. HP: 14/14 MP: 1/1
   102 | D:1      | Reached XP level 2. HP: 19/19 MP: 2/2
   458 | D:1      | Reached XP level 3. HP: 23/23 MP: 3/3
  1140 | D:2      | Reached XP level 4. HP: 29/29 MP: 4/4
  1304 | D:3      | Found a faded altar of an unknown god.
  1541 | D:2      | Reached XP level 5. HP: 29/33 MP: 5/5
  1588 | D:2      | Slain by a gnoll bouda

Illustrated notes

Levels and vault maps discovered:
D:1:      dpeg_arrival_tiny_a, layout_loops_ring
D:2:      layout_rooms, minmay_misc_feat_tower
D:3:      layout_basic, nicolae_yredelemnul_corpse_copse,
          ebering_ecumenical_altar_mist, chequers_serial_rivers_marsh,
          nicolae_grassy_gnolls, uniq_robin

Skill      XL: |  1  2  3  4 |
---------------+-------------+-----
Maces & Flails | 3 |  3.9
Fighting       | 4 |  4.2
Shields        | 4 |  4.2
Armour         | |  3.2

Action                     |  1- 3 |  4- 6 || total
---------------------------+-------+-------++-------
  Melee: Flail             |   120 |    79 ||   199
 Armour: Scale mail        |    98 |     4 ||   102
         Chain mail        |       |    91 ||    91
  Dodge: Dodged            |    67 |    45 ||   112
  Block: Buckler           |    26 |    27 ||    53

Table legend: (Time is in decaauts)
 A = Elapsed time spent in this place.
 B = Non-inter-level travel time spent in this place.
 C = Inter-level travel time spent in this place.
 D = Time resting spent in this place.
 E = Time spent auto-exploring this place.
 F = Levels seen in this place.
 G = Mean time per level.
                   A        B        C        D        E       F      G
               +--------+--------+--------+--------+--------+-----+--------+
         Total |   1645 |   1614 |     31 |     95 |   1074 |   3 |  548.3 |
       Dungeon |   1645 |   1614 |     31 |     95 |   1074 |   3 |  548.3 |
               +--------+--------+--------+--------+--------+-----+--------+

Top non-repeatable levels by time:
     D:1: 771 daAuts
     D:2: 665 daAuts
     D:3: 209 daAuts
